 Dungeon Crawl Stone Soup version 0.21.0-3-g78d12a8 (webtiles) character file.

88 dohliylev the Covert (level 4, -1/30 HPs)
             Began as a Vampire Enchanter on Jan 8, 2018.
             Slain by othur's ghost (4 damage)
             ... on level 3 of the Dungeon.
             The game lasted 00:08:47 (2765 turns).

dohliylev the Covert (Vampire Enchanter)            Turns: 2765, Time: 00:08:48

Health: -1/30      AC:  4    Str:  7    XL:     4   Next: 30%
Magic:  1/7        EV: 12    Int: 18    God:
Gold:   30         SH:  0    Dex: 14    Spells: 1/7 levels left

rFire    . . .     SeeInvis +   a - +1 dagger
rCold    . . .     Gourm    .   (no shield)
rNeg     + . .     Faith    .   b - +0 robe
rPois    .         Spirit   .   (no helmet)
rElec    .         Reflect  .   (no cloak)
rCorr    .         Harm     .   l - +1 pair of gloves
MR       .....                  (no boots)
Stlth    ++++......             (no amulet)
HPRegen  0.10/turn              (no ring)
MPRegen  0.10/turn              (no ring)

@: about to teleport
A: fangs 3, see invisible, unbreathing
a: Bat Form


You were on level 3 of the Dungeon.
You were not thirsty.

You visited 1 branch of the dungeon, and saw 3 of its levels.

You collected 30 gold pieces.

Inventory:

Hand Weapons
 a - a +1 dagger (weapon)
 q - a +2 short sword of venom
Armour
 b - a +0 robe (worn)
 l - a +1 pair of gloves (worn)
Scrolls
 e - 3 scrolls of remove curse
 f - a scroll of random uselessness {unknown}
 g - 2 scrolls of identify
 i - a scroll of fog {unknown}
 k - a scroll of teleportation
 m - a scroll of amnesia {unknown}
 n - a scroll of enchant weapon {unknown}
 o - a scroll of enchant armour {unknown}
Potions
 d - 2 potions of blood
 h - a potion of curing {unknown}
 j - a potion of resistance {unknown}
 p - a potion of brilliance {unknown}
Books
 c - a book of Maledictions

   Spells                             Type                      Level
   a - Corona                         Hexes                        1
   b - Ensorcelled Hibernation        Hexes/Ice                    2
   c - Confuse                        Hexes                        3
   d - Tukima's Dance                 Hexes                        3
   e - Dazzling Spray                 Conjuration/Hexes            3


   Skills:
 - Level 1.1 Short Blades
 - Level 2.1 Dodging
 + Level 8.0 Stealth
 - Level 2.0 Spellcasting
 - Level 4.4 Hexes


You had one spell level left.
You knew the following spells:

 Your Spells              Type           Power        Failure   Level  Hunger
a - Corona                Hex            ###....      3%          1    #......
b - Ensorcelled Hibernat  Hex/Ice        #.....       11%         2    ###....
c - Confuse               Hex            ###.....     9%          3    ###....


Dungeon Overview and Level Annotations

Branches:
Dungeon (3/15)

Altars:
Ashenzari
Kikubaaqudgha
Ru
The Shining One

Annotations:
D:3 othur's ghost, amateur MiFi


Innate Abilities, Weirdness & Mutations

You have razor-sharp teeth.
You have supernaturally acute eyesight. (SInv)
You can survive without breathing.


Message History

As you read the scroll labeled LUGGIAL KAYLYI, it crumbles to dust.
It is a scroll of identify.
e - 3 scrolls of remove curse Othur's ghost barely misses you.
As you read the scroll labeled VYTIKI OBIBRE, it crumbles to dust.
You feel strangely unstable.
It was a scroll of teleportation.
The goblin hits you but does no damage.
Othur's ghost wails, "You must not succeed where I failed!"
Othur's ghost hits you.
* * * LOW HITPOINT WARNING * * *
You closely miss the goblin. The goblin closely misses you.
Othur's ghost barely misses you.
You hit the goblin.
The goblin is heavily wounded.
Othur's ghost closely misses you. The goblin hits you with a club.
* * * LOW HITPOINT WARNING * * *
You hit the goblin.
You kill the goblin!
Othur's ghost hits you.
You die...

....#.###.##
#.#
....W....##
#.#
.##.######
#.# .##.#
#.# .#..#
#.# .#.##
#.# .#. #.#
.#% #.#####
.#$ #.W@>g#
#####g# #


You could see othur's ghost, a hobgoblin and a goblin.

Vanquished Creatures
  Terence (D:2)
  2 adders (D:2)
  A worm (D:2)
  A dart slug (D:2)
  2 giant cockroaches
  3 goblins
  8 hobgoblins
  3 jackals (D:2)
  3 kobolds
  2 quokkas (D:2)
  6 bats
  4 frilled lizards
  6 rats
  A plant (D:2)
43 creatures vanquished.

Notes
Turn   | Place    | Note
-------+----------+-------------------------------------------
     0 | D:1      | dohliylev the Vampire Enchanter began the quest for the Orb.
     0 | D:1      | Reached XP level 1. HP: 13/13 MP: 3/3
   188 | D:1      | Reached skill level 5 in Stealth
   303 | D:1      | Reached XP level 2. HP: 19/19 MP: 3/5
   313 | D:1      | Learned a level 2 spell: Ensorcelled Hibernation
   860 | D:2      | Found a sacrificial altar of Ru.
   900 | D:2      | Reached skill level 6 in Stealth
   929 | D:2      | Found a glowing golden altar of the Shining One.
  1092 | D:2      | Reached XP level 3. HP: 24/24 MP: 1/6
  1097 | D:2      | Learned a level 3 spell: Confuse
  1105 | D:2      | Noticed Terence
  1188 | D:3      | Noticed othur's ghost (amateur MiFi)
  1511 | D:2      | Reached skill level 7 in Stealth
  1566 | D:2      | Found a shattered altar of Ashenzari.
  1693 | D:2      | Found an ancient bone altar of Kikubaaqudgha.
  1766 | D:2      | Killed Terence
  1766 | D:2      | Reached XP level 4. HP: 30/30 MP: 3/7
  1977 | D:2      | Reached skill level 8 in Stealth
  2765 | D:3      | Slain by othur's ghost

Skill      XL: |  1  2  3  4 |
---------------+-------------+-----
Stealth        | 5 6 7 8 |  8.0
Short Blades   | |  1.1
Dodging        | |  2.1
Spellcasting   | |  2.0
Hexes          | |  4.4

Action                   |  1- 3 |  4- 6 || total
-------------------------+-------+-------++-------
Melee: Dagger            |   115 |   240 ||   355
       Bite              |     8 |    34 ||    42
 Cast: Corona            |     7 |     1 ||     8
       Ensorcelled Hiber |    24 |     2 ||    26
       Confuse           |     4 |     4 ||     8
  Use: Scroll            |       |     2 ||     2
 Stab: Sleeping          |    23 |     1 ||    24
       Confused          |     2 |     2 ||     4
  Eat: Corpse            |    14 |     1 ||    15
Armor: Robe              |    24 |     2 ||    26
Dodge: Dodged            |    74 |    12 ||    86
